 Dungeon Crawl Stone Soup version v3.33-hellcrawl-87-gc32ded8 (webtiles) character file.

56 wearedevo the Chopper (level 5, -1/47 HPs)
             Began as a Hill Orc Fighter on Aug 19, 2017.
             Slain by Sigmund (3 damage)
             ... on level 3 of the Dungeon.
             The game lasted 00:04:40 (2110 turns).

wearedevo the Chopper (Hill Orc Fighter)            Turns: 2110, Time: 00:04:41

Health: -1/47      AC: 11 (39%)Str: 20  XL:     5   Next: 16%
Magic:  5/5        EV:  3    Int:  8    God:
Gold:   246        SH:  9    Dex: 13    Spells: 4/4 levels left

rFire    . . .     SeeInvis .   a - +0 war axe
rCold    . . .     Faith    .   c - +0 shield
rNeg     . . .     Spirit   .   q - +0 plate armour
rPois    .         Reflect  .   (no helmet)
rElec    .                      (no cloak)
rCorr    .                      (no gloves)
MR       .....                  (no boots)
Stlth    ..........             n - amulet of regeneration
Regen    0.6/turn               j - +3 ring of dexterity
MPRegen  0.2/turn               (no ring)

@: no status effects
A: no striking features
a: no special abilities


You were on level 3 of the Dungeon.
You were not hungry.

You visited 1 branch of the dungeon, and saw 3 of its levels.

You collected 246 gold pieces.

Inventory:

Hand Weapons
 a - a +0 war axe (weapon)
Missiles
 i - 459 stones (quivered)
 o - 124 arrows
 p - 134 bolts
Armour
 b - a +0 scale mail
 c - a +0 shield (worn)
 q - a +0 plate armour (worn)
Jewellery
 j - a +3 ring of dexterity (left hand)
 n - an amulet of regeneration (around neck)
Scrolls
 e - a scroll of magic mapping
 f - 3 scrolls of teleportation
 l - a scroll of amnesia
 m - a scroll of enchant weapon
Potions
 d - 2 potions of might
 g - a potion of invisibility
 h - a potion of flight
 k - a potion of mutation
 r - a potion of curing {@q1}


   Skills:
 + Level 4.7 Fighting
 * Level 5.2 Axes
 + Level 4.1 Armour
 - Level 3.2 Shields


You had 4 spell levels left.
You didn't know any spells.

Dungeon Overview and Level Annotations

Branches:
Dungeon (3/15)

Altars:
Elyvilon
Hepliaklqana
Ru
Vehumet

Annotations:
D:3 Sigmund


Message History

Things that are here:
a +0 dagger; a goblin corpse You miss something.
You feel less confused. You block something's attack. x2
You completely miss something. Something hits you (6).
* * * LOW HITPOINT WARNING * * *
You take 6 damage, and have 9/47 hp.
You miss something. Something hits you (3).
* * * LOW HITPOINT WARNING * * *
A giant cockroach comes into view.
You take 2 damage, and have 7/47 hp.
You barely miss something. Something hits you but does no damage.
You closely miss something. Something hits you but does no damage.
Something hits you (7)!
* * * LOW HITPOINT WARNING * * *
You take 6 damage, and have 2/47 hp.
Your shield and plate armour prevent you from hitting something.
Something hits you (3).
You die...

#.# ##.. #.# .##.
#####.## ... #......#
####.#####.###..##
#.......##.......#
........##....†..#
#.>....)##.$....##
#......{@.s.....#
#.......##..........
#.......##......#...
#......$##......##...
...#######.......##..
## ###.##### #. #.#
.#


You could see a giant cockroach.

Vanquished Creatures
  A scorpion (D:3)
  4 adders
  A dart slug (D:2)
  An orc (D:3)
  5 quokkas
  A ball python (D:2)
  2 giant cockroaches
  6 goblins
  4 hobgoblins
  4 jackals (D:1)
  2 bats
  2 frilled lizards (D:2)
  3 kobolds
  6 rats
42 creatures vanquished.

Notes
Turn   | Place    | Note
-------+----------+-------------------------------------------
     0 | D:1      | wearedevo the Hill Orc Fighter began the quest for the Orb.
     0 | D:1      | Reached XP level 1. HP: 19/19 MP: 1/1
    37 | D:1      | Reached skill level 3 in Axes
    50 | D:1      | Reached XP level 2. HP: 19/27 MP: 2/2
   722 | D:2      | Found a radiant altar of Vehumet.
   781 | D:2      | Reached XP level 3. HP: 21/33 MP: 3/3
   982 | D:2      | Found a white marble altar of Elyvilon.
  1120 | D:2      | Reached skill level 4 in Axes
  1399 | D:2      | Reached XP level 4. HP: 39/41 MP: 4/4
  1465 | D:2      | Found a hazy altar of Hepliaklqana.
  1808 | D:2      | Found a sacrificial altar of Ru.
  1901 | D:3      | Reached skill level 5 in Axes
  2049 | D:3      | Reached XP level 5. HP: 47/47 MP: 5/5
  2089 | D:3      | Noticed Sigmund
  2109 | D:3      | HP: 2/47 [something (7)]
  2110 | D:3      | Slain by Sigmund

Skill      XL: |  1  2  3  4 |
---------------+-------------+-----
Axes           | 3 4 5 |  5.2
Fighting       | 4 |  4.7
Armour         | 4 |  4.1
Shields        | |  3.2

Action                   |  1- 3 |  4- 6 || total
-------------------------+-------+-------++-------
Melee: War axe           |    83 |    56 ||   139
Armor: Scale mail        |    34 |       ||    34
       Plate armour      |       |    39 ||    39
Dodge: Dodged            |    34 |     7 ||    41
Block: Shield            |    47 |    28 ||    75
